 Dungeon Crawl Stone Soup version 0.23.0 (webtiles) character file.

Game seed: 1644622939511525932

31001 inmateoo the Grappler (level 13, -14/117 HPs)
             Began as a Naga Transmuter on Feb 15, 2019.
             Was a High Priest of Cheibriados.
             Demolished by Thalamas's ghost (21 damage)
             ... on level 5 of the Lair of Beasts.
             The game lasted 00:35:10 (20553 turns).

inmateoo the Grappler (Naga Transmuter)            Turns: 20553, Time: 00:35:10

Health: -14/117    AC: 22    Str: 28    XL:     13   Next: 55%
Magic:  1/25       EV: 10    Int: 37    God:    Cheibriados [*****.]
Gold:   825        SH:  0    Dex: 33    Spells: 13/28 levels left

rFire    . . .     SeeInvis +     - Unarmed
rCold    + . .     Gourm    +   (shield currently unavailable)
rNeg     . . .     Faith    .   R - +8 plate armour of Foolhardiness {Slay+4}
rPois    +         Spirit   .   g - +2 helmet
rElec    .         Reflect  .   J - +0 cloak
rCorr    .         Harm     .   (gloves currently unavailable)
MR       +....                  (no barding)
Stlth    ..........             C - amulet of Ahokkiph {Gourm Dex+5 Slay+3 Stlth+}
HPRegen  0.29/turn              m - +5 ring of intelligence
MPRegen  0.19/turn              O - ring "Loaf" {rC+ Str+2 Dex+4 Stlth+}

@: confused, blade hands, lightly drained, very slow
A: large, see invisible, deformed body, poison resistance, slowness 2, slow
metabolism 1, spit poison 1, constrict 1, AC +4
a: Spit Poison, End Transformation, Bend Time, Temporal Distortion, Slouch, Step
From Time, Renounce Religion


You were on level 5 of the Lair of Beasts.
You worshipped Cheibriados.
Cheibriados was extremely pleased with you.
You were full.
You had blades for hands.
You visited 2 branches of the dungeon, and saw 16 of its levels.
You also visited: Ossuary and Gauntlet.

You collected 1247 gold pieces.
You spent 422 gold pieces at shops.

Inventory:

Hand Weapons
 E - the +11 trident of Woe {elec, MR+}
   (You took it off a gnoll sergeant on level 6 of the Dungeon)

   Occasionally, upon striking a foe, it will discharge some electrical energy
   and cause terrible harm.
   It affects your resistance to hostile enchantments.
Missiles
 a - 275 arrows
Armour
 g - a +2 helmet (worn)
 j - a +0 pair of gloves (melded)
 p - a +0 buckler (melded)
 J - a +0 cloak (worn)
 R - the +8 plate armour of Foolhardiness (worn) {Slay+4}
   (You took it off a minotaur in a Gauntlet)

   It affects your accuracy and damage with ranged weapons and melee attacks
   (+4).
 T - the +7 chain mail of the Crushed Curses {Int+4 Dex+6}
   (You found it on level 4 of the Lair of Beasts)

   It affects your intelligence (+4).
   It affects your dexterity (+6).
Jewellery
 b - an uncursed amulet of harm {unknown}
 m - a +5 ring of intelligence (left scythe-like blade)
 y - the ring of Xesu Epe {*Corrode rPois rN++ Str+4 Int+3}
   (You took it off a centaur on level 8 of the Dungeon)

   [ring of poison resistance]

   It affects your strength (+4).
   It affects your intelligence (+3).
   It protects you from poison.
   It greatly protects you from negative energy.
   It may corrode you when you take damage.
 A - the amulet of Sotyes {Acrobat +Inv MR+}
   (You took it off a deep elf mage on level 8 of the Dungeon)

   [amulet of the acrobat]

   It helps you evade while moving and waiting.
   It affects your resistance to hostile enchantments.
   It lets you turn invisible.
 B - the ring of Dobluumm {rPois Int+3 Stlth+}
   (You found it on level 8 of the Dungeon)

   [ring of intelligence]

   It affects your intelligence (+3).
   It protects you from poison.
   It makes you more stealthy.
 C - the amulet of Ahokkiph (around neck) {Gourm Dex+5 Slay+3 Stlth+}
   (You found it on level 8 of the Dungeon)

   [amulet of the gourmand]

   It allows you to eat raw meat even when not hungry.
   It affects your dexterity (+5).
   It affects your accuracy and damage with ranged weapons and melee attacks
   (+3).
   It makes you more stealthy.
 F - a +6 amulet of reflection
 I - an uncursed ring of magical power {unknown}
 L - an uncursed ring of flight {unknown}
 M - an uncursed ring of wizardry
 O - the ring "Loaf" (right scythe-like blade) {rC+ Str+2 Dex+4 Stlth+}
   (You found it in a Gauntlet)

   [ring of strength]

   It affects your strength (+2).
   It affects your dexterity (+4).
   It protects you from cold.
   It makes you more stealthy.
 V - a cursed amulet of magic regeneration {unknown}
Wands
 s - a wand of disintegration (11)
 v - a wand of digging (16)
 z - a wand of polymorph (17)
 D - a wand of iceblast (1)
 Q - a wand of acid (10)
 S - a wand of paralysis (9)
Scrolls
 h - 13 scrolls of teleportation
 k - 9 scrolls of remove curse
 n - 6 scrolls of magic mapping
 u - a scroll of enchant armour
 G - a scroll of enchant weapon
 N - a scroll of identify
 U - 2 scrolls of amnesia
Potions
 c - 3 potions of resistance
 e - a potion of might
 f - 4 potions of ambrosia
 i - 5 potions of flight
 l - 3 potions of brilliance
 o - 4 potions of heal wounds
 q - 6 potions of agility
 r - 5 potions of curing
 t - a potion of cancellation
 w - 2 potions of lignification
 x - a potion of magic
 K - a potion of invisibility
 P - 2 potions of mutation
Miscellaneous
 H - a lightning rod (4/4)
Comestibles
 d - 26 rations


   Skills:
 + Level 7.8(7.2) Fighting
 + Level 2.1(1.5) Armour
 + Level 6.8(6.3) Dodging
 + Level 4.9(4.4) Shields
 + Level 10.6(9.9) Unarmed Combat
 - Level 8.0(7.4) Spellcasting
 + Level 10.5(9.8) Transmutations
 + Level 8.9(8.3) Invocations
 + Level 3.4(2.9) Evocations


You had 13 spell levels left.
You knew the following spells:

 Your Spells              Type           Power        Failure   Level  Hunger
a - Beastly Appendage     Tmut           ######       13%         1    None
b - Sticks to Snakes      Tmut           ######..     16%         2    None
c - Spider Form           Tmut/Pois      ######....   56%         3    None
d - Ice Form              Ice/Tmut       ######..     85%         4    None
e - Blade Hands           Tmut           ######....   61%         5    ####...

Your spell library contained the following spells:

 Spells                   Type           Power        Failure   Level  Hunger
 Animate Skeleton         Necr           N/A          78%         1    None
 Corona                   Hex            ##.....      78%         1    None
 Pain                     Necr           ##..         78%         1    None
 Slow                     Hex            ##......     87%         2    None
 Gell's Gravitas          Tloc           ##........   97%         3    None
 Inner Flame              Hex/Fire       ##......     97%         3    None
 Portal Projectile        Hex/Tloc       ##....       97%         3    None
 Cause Fear               Hex            ##........   100%        4    None
 Force Lance              Conj/Tloc      ##......     100%        4    None
 Leda's Liquefaction      Hex/Erth       ##........   100%        4    None
 Agony                    Necr           ##......     100%        5    ####...
 Death Channel            Necr           ##........   100%        6    #####..
 Dispersal                Tloc           ##........   100%        6    #####..
 Simulacrum               Ice/Necr       ##........   100%        6    #####..
 Controlled Blink         Tloc           N/A          100%        8    #######
 Disjunction              Tloc           ##........   100%        8    #######


Dungeon Overview and Level Annotations

Branches:
Dungeon (11/15)            Temple (0/1) D:5            Lair (5/6) D:10
 Shoals (0/4) Lair:2        Snake (0/4) Lair:3        Slime (0/5) Lair:5
    Orc (0/2) D:9

Altars:
Cheibriados
Elyvilon
Gozag
Kikubaaqudgha
Makhleb
Nemelex Xobeh
Okawaru
Sif Muna
Trog
Wu Jian
Xom
Yredelemnul
Zin
The Shining One
Beogh

Shops:
D:4 ?   D:11 :*=%

Annotations:
Lair:1 3 runed translucent doors, Ceckukk's ghost, journeyman GrEE
Lair:5 Adireryl's ghost, journeyman HOFi; Mumum's ghost, journeyman DrFE; Thalamas's ghost, journeyman MiBe


Innate Abilities, Weirdness & Mutations

You cannot wear boots.
Your serpentine skin is tough. (AC +4)
You have supernaturally acute eyesight. (SInv)
Armour fits poorly on your strangely shaped body.
Your system is resistant to poisons. (rPois)
You cover ground very slowly.
You have a slow metabolism.
You can spit poison.
You can use your snake-like lower body to constrict enemies.


Message History

Thalamas's ghost hits you!!
* * * LOW HITPOINT WARNING * * *
Thalamas's ghost freezes you.
* * * LOW HITPOINT WARNING * * *
Unknown command.
Unknown command.
Okay, then.
Okay, then.
You can feel time thicken for a moment.
You feel somewhat less full.
Thalamas's ghost hits you but does no damage.
Mumum's ghost gestures at you while chanting.
The spray of energy hits you but does no damage.
You are confused.
Adireryl's ghost says, "Nobody wants to follow a dead messiah!"
Adireryl's ghost hits you!
* * * LOW HITPOINT WARNING * * *
You feel drained.
* * * LOW HITPOINT WARNING * * *
Thalamas's ghost hits you!!
You die...

..P..............P...............
.................P..>............
.................................
..P..............................
..PP.............######..........
.P.PP............#|8).##....P....
.................#....8##...#....
................W#.....=#........
................@W......#........
................WW.....⌠#........
.................'......#........
.........P.......#.$...=#....>...
.................#....8##........
...............#.#$8|$##.........
.................######..........
....#P...........................
....#....P.....P.................


You could see Adireryl's ghost, Mumum's ghost and 2 Thalamas's ghosts.

Vanquished Creatures
  A minotaur (Gauntlet)
  The ghost of Zanta616 the Nimble, a journeyman MfSu of Ru (Lair:2)
  The ghost of Uhlv the Basher, a journeyman MiWn of Okawaru (D:11)
  2 hydras
  A two-headed ogre (D:8)
  The ghost of Zanta616 the Basher, a novice HuFi of the Shining One (D:8)
  Urug (Lair:1)
  A glowing orange brain (Gauntlet)
  The ghost of Baril the Thaumaturge, a novice DEEE of Zin (D:6)
  5 ugly things
  A cyclops (D:11)
  A deep elf mage (D:8)
  A manticore (D:11)
  2 spectral centaurs (D:11)
  4 elephants (Lair:4)
  Joseph (D:8)
  A spiny frog (Lair:1)
  A centaur skeleton (D:11)
  A black mamba (Lair:3)
  A rime drake (Lair:2)
  8 komodo dragons
  A polar bear (Lair:2)
  A queen bee (D:11)
  4 blink frogs (Lair:5)
  2 raiju (Gauntlet)
  7 hippogriffs
  Prince Ribbit (D:9)
  Sigmund (D:5)
  2 wyverns (D:8)
  15 yaks
  A human (D:8)
  3 basilisks
  4 steam dragons (Gauntlet)
  2 nagas (Lair:3)
  Duvessa (D:6)
  6 water moccasins
  8 porcupines
  3 orc warriors
  5 phantoms
  A black bear (D:8)
  2 sky beasts (D:7)
  7 ogres
  5 centaurs
  4 wolves (Lair:4)
  9 crocodiles
  A big kobold (D:11)
  A spectral wyvern (D:11)
  Blork the orc (D:5)
  11 bullfrogs
  4 elf zombies (Ossuary)
  3 gnoll sergeants
  7 scorpions
  13 killer bees
  A howler monkey (D:5)
  9 wights
  4 electric eels
  A spectral bullfrog (D:11)
  6 crimson imps
  5 jellies
  A quasit (D:11)
  4 orc priests
  5 hounds
  A human zombie (D:8)
  2 bullfrog skeletons
  7 orc wizards
  A gnoll shaman (D:6)
  An iron imp (D:6)
  3 iguanas
  A human skeleton (D:8)
  4 worker ants
  2 centaur simulacra (D:11)
  2 mummies (Ossuary)
  Robin (D:1)
  15 gnolls
  A worker ant zombie (D:8)
  13 adders
  2 shadow imps
  3 oozes
  3 adder skeletons
  An adder zombie (Ossuary)
  5 worms
  A dart slug (D:2)
  8 leopard geckos
  28 orcs
  4 giant cockroaches
  8 goblins
  11 hobgoblins
  16 jackals
  8 quokkas
  2 ball pythons
  4 bats
  5 frilled lizards
  2 goblin zombies
  12 hobgoblin zombies (Ossuary)
  3 jackal zombies (Ossuary)
  10 kobolds
  9 kobold zombies (Ossuary)
  A leopard gecko skeleton (D:4)
  5 orc zombies (Ossuary)
  10 rats
  2 rat zombies (Ossuary)
  A fungus (Lair:3)
  A plant (D:10)
428 creatures vanquished.

Vanquished Creatures (collateral kills)
  Dowan (D:6)
  A wight (D:9)
2 creatures vanquished.

Vanquished Creatures (others)
  A wizard (D:5)
  A gnoll (D:6)
  14 demonic plants (Gauntlet)
  5 fungi (Lair:3)
  12 plants
  2 withered plants (Lair:5)
35 creatures vanquished.

Grand Total: 465 creatures vanquished

Notes
Turn   | Place    | Note
-------+----------+-------------------------------------------
     0 | D:1      | inmateoo the Naga Transmuter began the quest for the Orb.
     0 | D:1      | Reached XP level 1. HP: 18/18 MP: 3/3
   430 | D:1      | Reached XP level 2. HP: 21/25 MP: 5/5
   955 | D:2      | Noticed Robin
   980 | D:2      | Reached XP level 3. HP: 11/31 MP: 6/6
  1005 | D:1      | Killed Robin
  1625 | D:2      | Reached XP level 4. HP: 28/39 MP: 7/7
  2678 | D:3      | Noticed a phantom
  2986 | D:2      | Learned a level 2 spell: Sticks to Snakes
  2990 | D:2      | Learned a level 3 spell: Spider Form
  3009 | D:3      | Reached skill level 5 in Unarmed Combat
  3023 | D:3      | Noticed an angel
  3024 | D:3      | Found a glowing silver altar of Zin.
  3025 | D:3      | Found a shimmering altar of Xom.
  3049 | D:3      | Reached XP level 5. HP: 32/46 MP: 8/8
  4098 | D:3      | Killed a phantom
  4098 | D:3      | Reached XP level 6. HP: 23/56 MP: 3/9
  4289 | D:3      | Found a burning altar of Makhleb.
  4303 | D:3      | Found an ornate altar of the Wu Jian Council.
  4374 | D:4      | Found Woamm's Magic Scroll Emporium.
  4381 | D:4      | Bought a scroll of identify for 28 gold pieces
  4381 | D:4      | Bought a scroll of teleportation for 42 gold pieces
  4381 | D:4      | Bought a scroll of identify for 28 gold pieces
  4818 | D:4      | Found an opulent altar of Gozag.
  4856 | D:4      | Found a snail-covered altar of Cheibriados.
  4859 | D:4      | Found a deep blue altar of Sif Muna.
  4862 | D:4      | Found an iron altar of Okawaru.
  4868 | D:4      | Became a worshipper of Cheibriados the Contemplative
  4985 | D:4      | Reached XP level 7. HP: 41/64 MP: 1/10
  5515 | D:5      | Entered Level 5 of the Dungeon
  5515 | D:5      | Noticed Sigmund
  5529 | D:5      | Killed Sigmund
  5633 | D:5      | Noticed Blork the orc
  5645 | D:4      | Reached * piety under Cheibriados
  6071 | D:5      | Reached XP level 8. HP: 68/72 MP: 14/14
  6191 | D:5      | Found a staircase to the Ecumenical Temple.
  6387 | D:5      | Killed Blork the orc
  6484 | D:5      | Found a bloodstained altar of Trog.
  6487 | D:5      | Noticed a wizard
  6491 | D:5      | Killed a wizard
  6730 | D:6      | Noticed Dowan
  6730 | D:6      | Noticed Duvessa
  6739 | D:6      | Killed Duvessa
  6741 | D:6      | Killed Dowan
  6803 | D:6      | Found a sand-covered staircase.
  6849 | Ossuary  | Entered an ossuary
  6889 | Ossuary  | Reached ** piety under Cheibriados
  6900 | Ossuary  | Learned a level 4 spell: Ice Form
  6996 | Ossuary  | Reached skill level 5 in Fighting
  6996 | Ossuary  | Reached skill level 5 in Transmutations
  7348 | D:6      | Identified the +11 trident of Woe {elec, MR+}
  7369 | D:6      | Noticed Baril's ghost (novice DEEE)
  7434 | D:6      | Reached *** piety under Cheibriados
  7434 | D:6      | Reached XP level 9. HP: 57/81 MP: 1/15
  7632 | D:6      | Found a snail-covered altar of Cheibriados.
  7665 | D:6      | Found a transporter.
  7717 | D:6      | Got an encrusted scale mail
  7728 | D:6      | Identified the +1 scale mail "Luoselal" {Str+4} (You found
                  | it on level 6 of the Dungeon)
  7780 | D:6      | Found an ancient bone altar of Kikubaaqudgha.
  7974 | D:6      | Found a transporter.
  8313 | D:7      | Found a burning altar of Makhleb.
  8909 | D:8      | Found a runed translucent gate.
  8910 | D:8      | Found a runed translucent gate.
  8911 | D:8      | Found a runed translucent gate.
  8912 | D:8      | Found an opulent altar of Gozag.
  8913 | D:8      | Noticed Zanta616's ghost (novice HuFi)
  8913 | D:8      | Noticed a komodo dragon
  9015 | D:8      | Learned a level 5 spell: Blade Hands
  9153 | D:8      | Found a glowing golden altar of the Shining One.
  9214 | D:8      | Found a runed translucent door.
  9222 | D:8      | Found a basalt altar of Yredelemnul.
  9307 | D:8      | Reached **** piety under Cheibriados
  9808 | D:8      | Noticed Joseph
  9918 | D:8      | Killed Joseph
  9918 | D:8      | Reached XP level 10. HP: 92/92 MP: 12/16
  9967 | D:8      | Found a white marble altar of Elyvilon.
 10076 | D:8      | Reached skill level 10 in Unarmed Combat
 10650 | D:8      | Noticed a two-headed ogre
 10964 | D:8      | Identified the amulet of Sotyes {Acrobat +Inv MR+}
 10964 | D:8      | Noticed a deep elf mage
 10964 | D:8      | Identified the ring of Xesu Epe {*Corrode rPois rN++ Str+4
                  | Int+3}
 10967 | D:8      | Killed a deep elf mage
 10971 | D:8      | Reached skill level 1 in Invocations
 11001 | D:8      | Got a shimmering brass ring
 11004 | D:8      | Got a flickering ruby amulet
 11005 | D:8      | Identified the ring of Dobluumm {rPois Int+3 Stlth+} (You
                  | found it on level 8 of the Dungeon)
 11301 | D:9      | Noticed Prince Ribbit
 11312 | D:9      | Killed Prince Ribbit
 11312 | D:9      | Reached ***** piety under Cheibriados
 11356 | D:9      | Found a sparkling altar of Nemelex Xobeh.
 11432 | D:9      | Found a roughly hewn altar of Beogh.
 11530 | D:9      | Found a staircase to the Orcish Mines.
 11692 | D:10     | Entered Level 10 of the Dungeon
 11987 | D:10     | Identified the amulet of Ahokkiph {Gourm Dex+5 Slay+3
                  | Stlth+} (You found it on level 8 of the Dungeon)
 12585 | D:10     | Found a staircase to the Lair.
 12596 | D:10     | Reached skill level 5 in Spellcasting
 12602 | D:10     | Identified the Handbook of Evil
 12694 | D:11     | Reached XP level 11. HP: 97/100 MP: 13/18
 12735 | D:11     | Found Nuewusab's Assorted Antiques.
 12743 | D:11     | Bought a scroll of identify for 60 gold pieces
 12743 | D:11     | Bought an orange potion for 27 gold pieces
 12743 | D:11     | Bought a scroll labeled NUNUTYGEAD for 30 gold pieces
 12743 | D:11     | Bought a golden potion for 27 gold pieces
 12743 | D:11     | Bought a scroll of teleportation for 90 gold pieces
 12743 | D:11     | Bought a scroll of teleportation for 90 gold pieces
 12796 | D:11     | Reached skill level 5 in Invocations
 13325 | D:11     | Reached ****** piety under Cheibriados
 13559 | D:11     | Noticed a manticore
 13568 | D:11     | Killed a manticore
 14008 | D:11     | Noticed a red ugly thing
 14015 | D:11     | Killed a red ugly thing
 14061 | D:11     | Noticed a red ugly thing
 14069 | D:11     | Killed a red ugly thing
 14392 | D:11     | Found Ahinon's Jewellery Emporium.
 14413 | D:11     | Found Tiateytt's Food Shoppe.
 14541 | D:11     | Found Fumn's Book Boutique.
 14545 | D:11     | Noticed a cyclops
 14552 | D:11     | Killed a cyclops
 14552 | D:11     | Reached skill level 1 in Shields
 14565 | D:11     | Noticed a green ugly thing
 14575 | D:11     | Killed a green ugly thing
 14642 | D:11     | Found a runed translucent gate.
 14642 | D:11     | Found a runed translucent gate.
 14644 | D:11     | Found a runed translucent gate.
 14647 | D:11     | Noticed Uhlv's ghost (journeyman MiWn)
 14666 | D:11     | Killed Uhlv's ghost
 14910 | D:6      | Reached XP level 12. HP: 76/109 MP: 21/21
 14919 | D:6      | Killed Baril's ghost
 14988 | D:6      | Got a crude steel amulet
 15145 | D:8      | Killed Zanta616's ghost
 15145 | D:8      | Reached skill level 10 in Transmutations
 15150 | D:8      | Killed a two-headed ogre
 15150 | D:8      | Reached skill level 5 in Dodging
 15341 | Lair:1   | Entered Level 1 of the Lair of Beasts
 15341 | Lair:1   | Noticed Urug
 15347 | Lair:1   | Killed Urug
 15423 | Lair:1   | Found a runed translucent gate.
 15423 | Lair:1   | Found a runed translucent gate.
 15423 | Lair:1   | Found a runed translucent gate.
 15425 | Lair:1   | Noticed Ceckukk's ghost (journeyman GrEE)
 15426 | Lair:1   | Noticed an 11-headed hydra
 15448 | Lair:1   | Noticed a seven-headed hydra
 15870 | Lair:1   | Identified the amulet "Wopsygiym" {Inacc Int+3} (You found
                  | it on level 6 of the Dungeon)
 15994 | Lair:1   | Killed a seven-headed hydra
 16516 | Lair:2   | Found a staircase to the Shoals.
 16710 | Lair:2   | Found a runed translucent gate.
 16710 | Lair:2   | Found a runed translucent gate.
 16710 | Lair:2   | Found a runed translucent gate.
 16711 | Lair:2   | Noticed Zanta616's ghost (journeyman MfSu)
 16728 | Lair:2   | Killed Zanta616's ghost
 17313 | Lair:3   | Found a staircase to the Snake Pit.
 17397 | Lair:3   | Noticed a seven-headed hydra
 17727 | Lair:3   | Reached skill level 1 in Evocations
 17876 | Lair:3   | Identified the +6 scale mail of the Other World {Str+6
                  | Int+3} (You found it on level 3 of the Lair of Beasts)
 17978 | Lair:3   | Reached skill level 1 in Armour
 17989 | Lair:3   | Gained mutation: You can use your snake-like lower body to
                  | constrict enemies. [Naga growth]
 17989 | Lair:3   | Reached XP level 13. HP: 86/115 MP: 22/25
 18778 | Lair:4   | Found a gate leading to a gauntlet.
 18790 | Gauntlet | Entered a Gauntlet
 18790 | Gauntlet | Found a transporter.
 18790 | Gauntlet | Found a transporter.
 18794 | Gauntlet | Found a transporter.
 18795 | Gauntlet | Found a transporter.
 18801 | Gauntlet | Found a transporter.
 18820 | Gauntlet | Found a transporter.
 18821 | Gauntlet | Found a transporter.
 18831 | Gauntlet | Found a transporter.
 18832 | Gauntlet | Found a transporter.
 18833 | Gauntlet | Found a transporter.
 18872 | Gauntlet | Found a transporter.
 18900 | Gauntlet | Found a transporter.
 18943 | Gauntlet | Found a transporter.
 18965 | Gauntlet | Found a transporter.
 19060 | Gauntlet | Found a transporter.
 19074 | Gauntlet | Found a transporter.
 19254 | Gauntlet | Got a transparent granite ring
 19258 | Gauntlet | Identified the ring "Loaf" {rC+ Str+2 Dex+4 Stlth+} (You
                  | found it in a Gauntlet)
 19389 | Gauntlet | Identified the +8 plate armour of Foolhardiness {Slay+4}
 19389 | Gauntlet | Noticed a minotaur
 19397 | Gauntlet | Killed a minotaur
 19558 | Lair:4   | Got a shimmering chain mail
 20057 | Lair:5   | Identified the +7 chain mail of the Crushed Curses {Int+4
                  | Dex+6} (You found it on level 4 of the Lair of Beasts)
 20260 | Lair:5   | Found a runed translucent gate.
 20260 | Lair:5   | Found a runed translucent gate.
 20260 | Lair:5   | Found a runed translucent gate.
 20260 | Lair:5   | Noticed Thalamas's ghost (journeyman MiBe)
 20260 | Lair:5   | Noticed Adireryl's ghost (journeyman HOFi)
 20260 | Lair:5   | Noticed Mumum's ghost (journeyman DrFE)
 20261 | Lair:5   | Noticed Thalamas's ghost (journeyman MiBe)
 20383 | Lair:5   | Found a staircase to the Slime Pits.
 20553 | Lair:5   | Demolished by Thalamas's ghost

Skill      XL: |  1  2  3  4  5  6  7  8  9 10 11 12 13 |
---------------+----------------------------------------+-----
Unarmed Combat | 4 5 6 7 9 10 | 10.6
Fighting       | 2 3 4 5 6 7 |  7.8
Transmutations | 4 5 6 8 9 10 | 10.5
Spellcasting   | 4 5 6 8 |  8.0
Invocations    | 4 8 |  8.9
Dodging        | 3 4 6 |  6.8
Shields        | 1 4 |  4.9
Evocations     | 1 3 |  3.4
Armour         | 1 2 |  2.1

Action                   |  1- 3 |  4- 6 |  7- 9 | 10-12 | 13-15 || total
-------------------------+-------+-------+-------+-------+-------++-------
Melee: Unarmed           |    36 |   151 |   475 |   396 |    99 ||  1157
       Short sword       |    92 |   123 |       |       |       ||   215
       Punch             |     1 |     7 |    17 |    23 |     2 ||    50
       Headbutt          |       |     5 |       |       |       ||     5
       Trident           |       |       |       |     1 |     4 ||     5
       Constrict         |       |       |       |       |    21 ||    21
 Cast: Beastly Appendage |       |     6 |       |       |       ||     6
       Sticks to Snakes  |       |     5 |     9 |       |       ||    14
       Spider Form       |       |     3 |    10 |     3 |       ||    16
       Ice Form          |       |       |     7 |     2 |       ||     9
       Blade Hands       |       |       |       |    37 |     9 ||    46
Invok: Slouch            |       |       |       |     3 |     4 ||     7
 Abil: Spit Poison       |     7 |     5 |     1 |     1 |       ||    14
       End Transformatio |       |       |     2 |     6 |       ||     8
Evoke: Wand              |       |     1 |       |     7 |    13 ||    21
  Use: Potion            |     2 |       |       |     2 |       ||     4
       Scroll            |       |    12 |     5 |    18 |     5 ||    40
 Stab: Sleeping          |     3 |     1 |     2 |     6 |     1 ||    13
       Distracted        |       |     1 |     1 |     2 |       ||     4
  Eat: Chunk             |     1 |     7 |     5 |    32 |     3 ||    48
       Ration            |       |     1 |     2 |     1 |       ||     4
Armor: Robe              |    23 |   118 |   136 |   106 |       ||   383
       Skin              |       |       |    16 |     5 |       ||    21
       Scale mail        |       |       |       |     7 |    71 ||    78
       Plate armour      |       |       |       |       |    24 ||    24
Dodge: Dodged            |    65 |   146 |   249 |   306 |    95 ||   861
Block: Buckler           |       |       |       |    18 |    30 ||    48
